TOP OF THE 1ST |
Boise Hawks batting - Pitching for West Virginia Black Bears : RHP Matt Decker
|
Pitching: RHP Matt Decker
|
|
Batting: LHB Bill McGregor
|
0-0: Called Strike 0-1: Swinging Strike 0-2: Ground out 2-3 (Groundball, 2L, EV 65.6 MPH)
|
Batting: LHB Glenn Lowther
|
0-0: Called Strike 0-1: Ball 1-1: Called Strike 1-2: Ball 2-2: Ball 3-2: Foul Ball, location: 2F 3-2: Base on Balls
|
Batting: RHB Ryan Rinaldi
|
0-0: Called Strike Balk! Glenn Lowther to second 0-1: Called Strike 0-2: Ball 1-2: Strikes out swinging
|
Batting: LHB Steve Gilliam
|
0-0: Called Strike Balk! Glenn Lowther to third 0-1: Ball 1-1: Called Strike 1-2: Strikes out swinging
|
Top of the 1st over - 0 runs, 0 hits, 0 errors, 1 left on base; Boise 0 - West Virginia 0 |
BOTTOM OF THE 1ST |
West Virginia Black Bears batting - Pitching for Boise Hawks : LHP Marc Eismann
|
Pitching: LHP Marc Eismann
|
|
Batting: LHB Joe Hoover
|
0-0: Bunted foul 0-1: Foul Ball, location: 2F 0-2: Ball 1-2: SINGLE (Line Drive, 4D, EV 103.8 MPH)
|
Batting: RHB Jose Almonte
|
0-0: Ball 1-0: Ball 2-0: Foul Ball, location: 2F 2-1: Foul Ball, location: 2F 2-2: Foul Ball, location: 2F 2-2: Ball 3-2: Base on Balls Joe Hoover to second
|
Batting: RHB Roberto Guzman
|
0-0: Swinging Strike 0-1: Ball 1-1: Ball 2-1: Ball 3-1: Called Strike 3-2: Foul Ball, location: 2F 3-2: Base on Balls Joe Hoover to third Jose Almonte to second
|
Batting: LHB Gregg Kellerman
|
0-0: Ball 1-0: Grounds into fielders choice 1-2 (Groundball, 34S, EV 75.0 MPH) Jose Almonte to third Roberto Guzman to second
|
Batting: RHB Richard Barrios
|
0-0: Ball 1-0: Fielders Choice at 2nd, 4-6 (Groundball, 4, EV 91.2 MPH) Jose Almonte scores Roberto Guzman to third
|
Batting: LHB Donald Imre
|
0-0: Swinging Strike 0-1: SINGLE (Groundball, 34D, EV 109.4 MPH) Roberto Guzman scores Richard Barrios to second Runner from 2nd tries for 3rd, SAFE, no throw by RF
|
Batting: RHB Rick Pittman
|
0-0: Foul Ball, location: 2F 0-1: Foul Ball, location: 2F 0-2: Fly out, F6 (Line Drive, 6, EV 69.4 MPH)
|
Bottom of the 1st over - 2 runs, 2 hits, 0 errors, 2 left on base; Boise 0 - West Virginia 2 |
TOP OF THE 2ND |
Boise Hawks batting - Pitching for West Virginia Black Bears : RHP Matt Decker
|
Batting: RHB Elias Urbina
|
0-0: Ball 1-0: Foul Ball, location: 2F 1-1: Foul Ball, location: 2F 1-2: Ball 2-2: Ground out 6-3 (Groundball, 6, EV 94.4 MPH)
|
Batting: RHB Eric Delgado
|
0-0: Ground out 4-3 (Groundball, 34, EV 85.0 MPH)
|
Batting: RHB Chris Tatum
|
0-0: Foul Ball, location: 2F 0-1: Ball 1-1: Ground out 5-3 (Groundball, 56, EV 105.6 MPH)
|
Top of the 2nd over - 0 runs, 0 hits, 0 errors, 0 left on base; Boise 0 - West Virginia 2 |
BOTTOM OF THE 2ND |
West Virginia Black Bears batting - Pitching for Boise Hawks : LHP Marc Eismann
|
Batting: LHB Brandon Sarni
|
0-0: Ball 1-0: Foul Ball, location: 2F 1-1: Foul Ball, location: 2F 1-2: Ground out 1-3 (Groundball, 13, EV 70.0 MPH)
|
Batting: SHB Mike Corley
|
0-0: Called Strike 0-1: Ball 1-1: Ball 2-1: Fly out, F6 (Line Drive, 6, EV 72.5 MPH)
|
Batting: LHB Joe Hoover
|
0-0: Ball 1-0: Foul Ball, location: 2F 1-1: Called Strike 1-2: Foul Ball, location: 2F 1-2: Ball 2-2: Ground out 4-3 (Groundball, 34D, EV 107.5 MPH)
|
Bottom of the 2nd over - 0 runs, 0 hits, 0 errors, 0 left on base; Boise 0 - West Virginia 2 |
TOP OF THE 3RD |
Boise Hawks batting - Pitching for West Virginia Black Bears : RHP Matt Decker
|
Batting: LHB Zane Kelton
|
0-0: Ball 1-0: SINGLE (Groundball, 3D, EV 96.2 MPH)
|
Batting: SHB Jamie Locke
|
0-0: Ball 1-0: Called Strike 1-1: Ball 2-1: Ball 3-1: Fielders Choice at 2nd, 1-6 (Groundball, 34S, EV 65.0 MPH)
|
Batting: LHB Bill McGregor
|
0-0: Ball Jamie Locke steals 2nd base 1-0: Called Strike 1-1: Ball Jamie Locke steals 3rd base 2-1: Foul Ball, location: 2F 2-2: Ball 3-2: Base on Balls
|
Batting: LHB Glenn Lowther
|
0-0: Ball Bill McGregor steals 2nd base 1-0: Called Strike 1-1: Swinging Strike 1-2: Ground out 6-3 (Groundball, 6, EV 100.0 MPH) Jamie Locke scores
|
Batting: RHB Ryan Rinaldi
|
0-0: Ball 1-0: Ball 2-0: Ball 3-0: Called Strike 3-1: Swinging Strike 3-2: Ground out 4-3 (Groundball, 34, EV 90.6 MPH)
|
Top of the 3rd over - 1 run, 1 hit, 0 errors, 1 left on base; Boise 1 - West Virginia 2 |
BOTTOM OF THE 3RD |
West Virginia Black Bears batting - Pitching for Boise Hawks : LHP Marc Eismann
|
Batting: RHB Jose Almonte
|
0-0: Called Strike 0-1: SINGLE (Groundball, 4MD, EV 95.0 MPH)
|
Batting: RHB Roberto Guzman
|
0-0: Ball 1-0: Ground out 5-3 (Groundball, 56S, EV 66.9 MPH) Jose Almonte to second
|
Batting: LHB Gregg Kellerman
|
0-0: Called Strike 0-1: Ball 1-1: Called Strike 1-2: Foul Ball, location: 2F 1-2: Foul Ball, location: 2F 1-2: Strikes out swinging
|
Batting: RHB Richard Barrios
|
0-0: Ball 1-0: Ball 2-0: Ball 3-0: Base on Balls
|
Batting: LHB Donald Imre
|
0-0: Called Strike 0-1: Swinging Strike 0-2: Ball 1-2: Foul Ball, location: 2F 1-2: Ball 2-2: Foul Ball, location: 2F 2-2: Fielders Choice at 2nd, 6-4 (Groundball, 6, EV 108.1 MPH)
|
Bottom of the 3rd over - 0 runs, 1 hit, 0 errors, 2 left on base; Boise 1 - West Virginia 2 |
TOP OF THE 4TH |
Boise Hawks batting - Pitching for West Virginia Black Bears : RHP Matt Decker
|
Batting: LHB Steve Gilliam
|
0-0: Ball 1-0: Ball 2-0: Called Strike 2-1: Called Strike 2-2: Foul Ball, location: 2F 2-2: Ball 3-2: Ground out 6-3 (Groundball, 6, EV 105.6 MPH)
|
Batting: RHB Elias Urbina
|
0-0: Ball 1-0: Ball 2-0: SINGLE (Line Drive, 8LS, EV 101.9 MPH)
|
Batting: RHB Eric Delgado
|
0-0: Ball 1-0: Ground out 5-3 (Groundball, 56S, EV 83.1 MPH) Elias Urbina to second
|
Batting: RHB Chris Tatum
|
Balk! Elias Urbina to third 0-0: Called Strike 0-1: Ball 1-1: Ball 2-1: Called Strike 2-2: SINGLE (Groundball, 56D, EV 93.8 MPH) Elias Urbina scores
|
Batting: LHB Zane Kelton
|
0-0: DOUBLE (Flyball, 89XD, EV 113.1 MPH) Chris Tatum to third
|
Batting: SHB Jamie Locke
|
0-0: Ball 1-0: Ball 2-0: Ball 3-0: Foul Ball, location: 2F 3-1: Base on Balls
|
Batting: LHB Bill McGregor
|
0-0: Ball 1-0: Foul Ball, location: 2F 1-1: Ball 2-1: Swinging Strike 2-2: Strikes out looking
|
Top of the 4th over - 1 run, 3 hits, 0 errors, 3 left on base; Boise 2 - West Virginia 2 |
BOTTOM OF THE 4TH |
West Virginia Black Bears batting - Pitching for Boise Hawks : LHP Marc Eismann
|
Batting: RHB Rick Pittman
|
0-0: TRIPLE (Flyball, 8RXD, EV 95.6 MPH)
|
Batting: LHB Brandon Sarni
|
0-0: Ball 1-0: Ball 2-0: Foul Ball, location: 2F 2-1: Ground out 6-3 (Groundball, 56, EV 88.1 MPH) Rick Pittman scores
|
Batting: SHB Mike Corley
|
0-0: Called Strike 0-1: Ball 1-1: Foul Ball, location: 2F 1-2: Foul Ball, location: 2F 1-2: Ball 2-2: Fly out, F8 (Flyball, 8RD, EV 101.9 MPH)
|
Batting: LHB Joe Hoover
|
0-0: Ball 1-0: Called Strike 1-1: Ball 2-1: Fly out, F7 (Flyball, 7, EV 88.8 MPH)
|
Bottom of the 4th over - 1 run, 1 hit, 0 errors, 0 left on base; Boise 2 - West Virginia 3 |
TOP OF THE 5TH |
Boise Hawks batting - Pitching for West Virginia Black Bears : RHP Matt Decker
|
Batting: LHB Glenn Lowther
|
0-0: Ball 1-0: Fly out, F7 (Flyball, 7LS, EV 90.6 MPH)
|
Batting: RHB Ryan Rinaldi
|
0-0: Ball 1-0: Called Strike 1-1: Swinging Strike 1-2: Strikes out swinging
|
Batting: LHB Steve Gilliam
|
0-0: Foul Ball, location: 2F 0-1: Called Strike 0-2: Strikes out swinging
|
Top of the 5th over - 0 runs, 0 hits, 0 errors, 0 left on base; Boise 2 - West Virginia 3 |
BOTTOM OF THE 5TH |
West Virginia Black Bears batting - Pitching for Boise Hawks : LHP Marc Eismann
|
Pitching: RHP Diego Arredondo
|
|
Batting: RHB Jose Almonte
|
0-0: Ball 1-0: Foul Ball, location: 2F 1-1: Swinging Strike 1-2: Strikes out looking
|
Batting: RHB Roberto Guzman
|
0-0: Ball 1-0: Ball 2-0: Ball 3-0: Base on Balls
|
Batting: LHB Gregg Kellerman
|
0-0: Fly out, F7 (Line Drive, 7S, EV 89.4 MPH)
|
Batting: RHB Richard Barrios
|
0-0: Foul Ball, location: 2F 0-1: Ball 1-1: Called Strike 1-2: Strikes out swinging
|
Bottom of the 5th over - 0 runs, 0 hits, 0 errors, 1 left on base; Boise 2 - West Virginia 3 |
TOP OF THE 6TH |
Boise Hawks batting - Pitching for West Virginia Black Bears : RHP Matt Decker
|
Pitching: RHP Justin Smart
|
|
Batting: RHB Elias Urbina
|
0-0: Called Strike 0-1: Called Strike 0-2: Ground out 5-3 (Groundball, 5, EV 81.2 MPH)
|
Batting: RHB Eric Delgado
|
0-0: Ball 1-0: Ball 2-0: Ball 3-0: Called Strike 3-1: Foul Ball, location: 2F 3-2: Base on Balls
|
Batting: RHB Chris Tatum
|
0-0: Ball Eric Delgado steals 2nd base 1-0: Fly out, F9 (Line Drive, 9, EV 88.8 MPH)
|
Batting: LHB Zane Kelton
|
0-0: Called Strike 0-1: DOUBLE (Line Drive, 9LM, EV 100.0 MPH) Eric Delgado scores
|
Batting: SHB Jamie Locke
|
0-0: Swinging Strike 0-1: Swinging Strike 0-2: Ball 1-2: Foul Ball, location: 2F 1-2: Strikes out swinging
|
Top of the 6th over - 1 run, 1 hit, 0 errors, 1 left on base; Boise 3 - West Virginia 3 |
BOTTOM OF THE 6TH |
West Virginia Black Bears batting - Pitching for Boise Hawks : RHP Diego Arredondo
|
Batting: LHB Donald Imre
|
0-0: Swinging Strike 0-1: Swinging Strike 0-2: Ball 1-2: Ball 2-2: Ball 3-2: Base on Balls
|
Batting: RHB Rick Pittman
|
0-0: Ball 1-0: Ball 2-0: Called Strike Donald Imre is caught stealing 2nd base 2-4 2-1: Foul Ball, location: 2F 2-2: Foul Ball, location: 2F 2-2: Ball 3-2: Base on Balls
|
Batting: LHB Brandon Sarni
|
0-0: Foul Ball, location: 2F 0-1: Foul Ball, location: 2F 0-2: Grounds into double play, 6-4-3 (Groundball, 6, EV 83.1 MPH)
|
Bottom of the 6th over - 0 runs, 0 hits, 0 errors, 0 left on base; Boise 3 - West Virginia 3 |
TOP OF THE 7TH |
Boise Hawks batting - Pitching for West Virginia Black Bears : RHP Justin Smart
|
Pitching: RHP Victor Medina
|
|
Batting: LHB Bill McGregor
|
0-0: Ball 1-0: Ball 2-0: Called Strike 2-1: Foul Ball, location: 2F 2-2: Foul Ball, location: 2F 2-2: Ball 3-2: Foul Ball, location: 2F 3-2: Foul Ball, location: 2F 3-2: Fly out, F8 (Flyball, 8LXD, EV 98.8 MPH)
|
Batting: LHB Glenn Lowther
|
0-0: Swinging Strike 0-1: Ball 1-1: Ball 2-1: Foul Ball, location: 2F 2-2: Foul Ball, location: 2F 2-2: Foul Ball, location: 2F 2-2: Ground out 5-3 (Groundball, 5, EV 84.4 MPH)
|
Batting: RHB Ryan Rinaldi
|
0-0: Ball 1-0: Ball 2-0: Hit by Pitch
|
Batting: LHB Steve Gilliam
|
0-0: Ball Ryan Rinaldi steals 2nd base 1-0: Ball 2-0: Called Strike 2-1: Called Strike 2-2: Strikes out swinging
|
Top of the 7th over - 0 runs, 0 hits, 0 errors, 1 left on base; Boise 3 - West Virginia 3 |
BOTTOM OF THE 7TH |
West Virginia Black Bears batting - Pitching for Boise Hawks : RHP Diego Arredondo
|
Batting: SHB Mike Corley
|
0-0: Swinging Strike 0-1: Ball 1-1: Foul Ball, location: 2F 1-2: Strikes out swinging
|
Batting: LHB Joe Hoover
|
0-0: Foul Ball, location: 2F 0-1: Ball 1-1: Ball 2-1: SINGLE (Groundball, 4D, EV 106.9 MPH)
|
Batting: RHB Jose Almonte
|
0-0: Ball Joe Hoover is caught stealing 2nd base 2-4 1-0: Fly out, F6 (Flyball, 6D, EV 81.9 MPH)
|
Bottom of the 7th over - 0 runs, 1 hit, 0 errors, 0 left on base; Boise 3 - West Virginia 3 |
TOP OF THE 8TH |
Boise Hawks batting - Pitching for West Virginia Black Bears : RHP Victor Medina
|
Pitching: RHP Mike West
|
|
Batting: RHB Elias Urbina
|
0-0: Ball 1-0: Ground out 6-3 (Groundball, 6, EV 101.9 MPH)
|
Batting: RHB Eric Delgado
|
0-0: Ball 1-0: SINGLE (Groundball, 6MD, EV 100.0 MPH)
|
Batting: LHB Greg Valenzuela
|
0-0: Ball 1-0: Called Strike 1-1: Foul Ball, location: 2F 1-2: Ball Eric Delgado steals 2nd base (no throw) 2-2: Strikes out swinging
|
Batting: LHB Zane Kelton
|
0-0: Foul Ball, location: 2F 0-1: Ball 1-1: Foul Ball, location: 2F 1-2: Hit by Pitch
|
Batting: SHB Jamie Locke
|
0-0: Foul Ball, location: 2F 0-1: Swinging Strike 0-2: SINGLE (Groundball, 4MD, EV 95.6 MPH) Eric Delgado to third Zane Kelton to second Runner from 3rd tries for Home, SAFE, throw by CF to home
|
Batting: LHB Bill McGregor
|
0-0: Foul Ball, location: 2F 0-1: Foul Ball, location: 2F 0-2: Ball 1-2: Ball 2-2: Foul Ball, location: 2F 2-2: Fly out, F8 (Flyball, 78D, EV 88.8 MPH)
|
Top of the 8th over - 1 run, 2 hits, 0 errors, 2 left on base; Boise 4 - West Virginia 3 |
BOTTOM OF THE 8TH |
West Virginia Black Bears batting - Pitching for Boise Hawks : RHP Diego Arredondo
|
Pitching: RHP Jim Butler
|
|
Batting: RHB Roberto Guzman
|
0-0: Called Strike 0-1: Ball 1-1: Foul Ball, location: 2F 1-2: Fly out, F8 (Flyball, 78D, EV 91.9 MPH)
|
Batting: LHB Gregg Kellerman
|
0-0: Ball 1-0: Ball 2-0: Ball 3-0: Called Strike 3-1: Called Strike 3-2: Base on Balls
|
Pinch Hitting: LHB Pat Baker
|
0-0: Ball 1-0: SINGLE (Flyball, 3D, EV 92.5 MPH) Gregg Kellerman to second
|
Batting: LHB Donald Imre
|
0-0: Ball 1-0: Ball Wild Pitch! Gregg Kellerman to third Pat Baker to second 2-0: Called Strike 2-1: Fly out, F7 (Line Drive, 7S, EV 99.4 MPH)
|
Batting: RHB Rick Pittman
|
0-0: Called Strike 0-1: Ball 1-1: Foul Ball, location: 2F 1-2: Fly out, F6 (Line Drive, 6, EV 70.6 MPH)
|
Bottom of the 8th over - 0 runs, 1 hit, 0 errors, 2 left on base; Boise 4 - West Virginia 3 |
TOP OF THE 9TH |
Boise Hawks batting - Pitching for West Virginia Black Bears : RHP Mike West
|
Pitching: RHP Ernesto Mendez
|
|
Now at 3B: Chris Beckham
|
|
Batting: LHB Glenn Lowther
|
0-0: Called Strike 0-1: Called Strike 0-2: Foul Ball, location: 2F 0-2: Ball 1-2: Fly out, F8 (Line Drive, 8RD, EV 103.1 MPH)
|
Batting: RHB Ryan Rinaldi
|
0-0: Ball 1-0: Swinging Strike 1-1: Ball 2-1: Called Strike 2-2: Ball 3-2: Base on Balls
|
Batting: LHB Steve Gilliam
|
0-0: Called Strike Ryan Rinaldi steals 2nd base 0-1: Ball 1-1: Intentional Walk
|
Batting: RHB Elias Urbina
|
0-0: Ball 1-0: Ball 2-0: Ball 3-0: Base on Balls Ryan Rinaldi to third Steve Gilliam to second
|
Batting: RHB Eric Delgado
|
0-0: Ball 1-0: Foul Ball, location: 2F 1-1: Ball 2-1: Grounds into fielders choice 5-2 (Groundball, 56S, EV 72.5 MPH) Steve Gilliam to third Elias Urbina to second
|
Pitching: RHP Shuji Ito
|
|
Batting: LHB Greg Valenzuela
|
0-0: Ball 1-0: Ball 2-0: Ball 3-0: Foul Ball, location: 2F 3-1: Foul Ball, location: 2F 3-2: Base on Balls Steve Gilliam scores Elias Urbina to third Eric Delgado to second
|
Batting: LHB Zane Kelton
|
0-0: Ball 1-0: Swinging Strike 1-1: Swinging Strike 1-2: Strikes out swinging
|
Top of the 9th over - 1 run, 0 hits, 0 errors, 3 left on base; Boise 5 - West Virginia 3 |
BOTTOM OF THE 9TH |
West Virginia Black Bears batting - Pitching for Boise Hawks : RHP Jim Butler
|
Pitching: RHP Mitch Guerrero
|
|
Now at 2B: Jamie Locke
|
|
Now at 3B: Matt Cone
|
|
Batting: LHB Brandon Sarni
|
0-0: Ball 1-0: Foul Ball, location: 2F 1-1: Ball 2-1: Called Strike 2-2: Strikes out swinging
|
Batting: SHB Mike Corley
|
0-0: DOUBLE (Line Drive, 7LS, EV 113.8 MPH)
|
Batting: LHB Joe Hoover
|
0-0: Ball 1-0: Ball 2-0: Called Strike 2-1: Foul Ball, location: 2F 2-2: Ball 3-2: Ground out 4-3 (Groundball, 4, EV 88.1 MPH) Mike Corley to third
|
Batting: RHB Jose Almonte
|
0-0: Ball 1-0: Foul Ball, location: 2F 1-1: Ball 2-1: Ball Passed Ball! Mike Corley scores 3-1: Base on Balls
|
Batting: RHB Roberto Guzman
|
0-0: Called Strike 0-1: Ball 1-1: SINGLE (Groundball, 4, EV 97.5 MPH) Jose Almonte to second Runner from 2nd tries for 3rd, SAFE, throw by RF made to third
|
Batting: LHB Gregg Kellerman
|
0-0: Called Strike 0-1: Called Strike 0-2: Fly out, F9 (Flyball, 89S, EV 89.4 MPH)
|
Bottom of the 9th over - 1 run, 2 hits, 0 errors, 2 left on base; Boise 5 - West Virginia 4 |
|